 Dungeon Crawl Stone Soup version 0.32-a0-791-gfc315c9 (webtiles) character file.

Game seed: 4166083199949721877

133748 Radamante the Shatterer (level 16, -1/155 HPs)
             Began as a Minotaur Fighter on Mar 20, 2024.
             Killed by an exploding four-headed hydra (17 damage)
             ... ignited by their inner flame
             ... on level 3 of the Swamp.
             The game lasted 01:09:15 (26221 turns).

Radamante the Shatterer (Minotaur Fighter)         Turns: 26221, Time: 01:09:15

Health: -1/155     AC: 39    Str: 30    XL:     16   Next: 60%
Magic:  15/15      EV: 11    Int: 11    God:
Gold:   1474       SH:  0    Dex: 12    Spells: 15/15 levels left

rFire   + + .        a - +7 great mace "Firestarter" {flame, immolate, rFlCloud rF++}
rCold   + + .        (shield currently unavailable)
rNeg    . . .        M - +10 storm dragon scales of the Lost Stories {rElec rF- rC++ Dex+3}
rPois   .            V - +2 hat {Will+}
rElec   +            G - +1 cloak {rCorr}
rCorr   +            I - +2 pair of gloves {hurl}
SInv    .            l - +2 pair of boots of Koad {rF+ Regen+}
Will    ++++.        K - amulet "Dib Akk" {Will+ Regen+ Stlth+} Stlth
                     Z - +4 ring of slaying
HPRegen 2.05/turn    g - ring of the Quahog {Fly Will+ Int+6}
MPRegen 0.14/turn

%: no passive effects
@: lethally poisoned (-1 -> -25), flying
A: horns 2, retaliatory headbutt
a: no special abilities


You were on level 3 of the Swamp.
You visited 4 branches of the dungeon, and saw 26 of its levels.
You visited the Abyss 1 time.
You also visited: Gauntlet and Volcano.

You collected 2607 gold pieces.
You spent 1133 gold pieces at shops.

Inventory:

Hand Weapons
 a - the +7 great mace "Firestarter" (weapon) {flame, immolate, rFlCloud rF++}
   (You bought it in a shop on level 4 of the Dungeon)

   rFlCloud:  It grants immunity to clouds of flame.
   rF++:      It greatly protects you from fire.
 m - a +2 antimagic orcbow
 w - a +6 heavy arbalest
Missiles
 d - 56 poisoned darts (quivered)
 y - 25 boomerangs
 D - 17 javelins
 P - 4 curare-tipped darts
Armour
 l - the +2 pair of boots of Koad (worn) {rF+ Regen+}
   (You found it in a Gauntlet)

   rF+:       It protects you from fire.
   Regen+:    It increases your rate of health regeneration.
 G - a +1 cloak of preservation (worn)
 I - a +2 pair of gloves of hurling (worn)
 M - the +10 storm dragon scales of the Lost Stories (worn) {rElec rF- rC++ Dex+3}
   (You took it off a centaur warrior on level 8 of the Dungeon)

   Dex+3:     It affects your dexterity (+3).
   rF-:       It makes you vulnerable to fire.
   rC++:      It greatly protects you from cold.
   rElec:     It insulates you from electricity.
 V - a +2 hat of willpower (worn)
Jewellery
 g - the ring of the Quahog (right hand) {Fly Will+ Int+6}
   (You found it in a Gauntlet)

   [ring of intelligence]

   Int+6:     It affects your intelligence (+6).
   Will+:     It increases your willpower.
   Fly:       It grants you flight.
 r - an amulet of reflection
 v - a ring of resist corrosion
 x - a ring of protection from fire
 K - the amulet "Dib Akk" (around neck) {Will+ Regen+ Stlth+}
   (You took it off a centaur warrior on level 8 of the Dungeon)

   [amulet of regeneration]

   Will+:     It increases your willpower.
   Regen+:    It increases your rate of health regeneration.
   Stlth+:    It makes you more stealthy.
 S - the ring "Ytaqit" {rPois rN+ SInv}
   (You found it on level 3 of the Lair of Beasts)

   [ring of positive energy]

   rPois:     It protects you from poison.
   rN+:       It protects you from negative energy.
   SInv:      It lets you see invisible.
 Z - a +4 ring of slaying (left hand)
Wands
 z - a wand of polymorph (8)
 B - a wand of charming (17)
 E - a wand of mindburst (29)
 J - a wand of flame (63)
 T - a wand of warping (9)
 U - a wand of quicksilver (18)
 W - a wand of digging (6)
Scrolls
 b - a scroll of acquirement {unknown}
 e - 8 scrolls of teleportation
 f - 2 scrolls of poison
 i - 4 scrolls of blinking
 j - a scroll of revelation
 k - a scroll of amnesia {unknown}
 n - 2 scrolls of fog
 t - 3 scrolls of fear
Potions
 c - 2 potions of ambrosia {unknown}
 h - a potion of brilliance {unknown}
 o - a potion of might
 q - 3 potions of berserk rage {unknown}
 s - a potion of magic {unknown}
 u - 7 potions of heal wounds {unknown}
 A - 3 potions of lignification {unknown}
 C - 15 potions of curing
 F - 5 potions of attraction {unknown}
 L - 4 potions of cancellation {unknown}
 N - 2 potions of invisibility {unknown}
 Q - 6 potions of haste {unknown}
 R - 3 potions of resistance
 Y - a potion of enlightenment {unknown}
Miscellaneous
 p - a condenser vane
 H - a lightning rod (4/4)
 O - a phial of floods
 X - a phantom mirror


   Skills:
 + Level 17.0 Fighting
 + Level 2.6(14.1) Axes
 + Level 21.1(21.2) Maces & Flails
 * Level 9.2 Ranged Weapons
 + Level 5.3 Throwing
 + Level 16.6 Armour
 + Level 7.1 Dodging
 + Level 3.1 Stealth
 + Level 10.7 Shields
 + Level 1.8 Evocations


You had 15 spell levels left.
You didn't know any spells.
Your spell library contained the following spells:

 Spells                   Type           Power      Damage    Failure   Level
 Apportation              Tloc           0%         N/A       71%         1
 Freeze                   Ice            0%         1d3       71%         1
 Necrotise                Necr           0%         1d4       71%         1
 Slow                     Hex            0%         N/A       71%         1
 Sting                    Conj/Alch      0%         1d3       71%         1
 Summon Small Mammal      Summ           0%         N/A       71%         1
 Lesser Beckoning         Tloc           0%         N/A       85%         2
 Call Canine Familiar     Summ           0%         N/A       97%         3
 Confusing Touch          Hex            0%         N/A       97%         3
 Frozen Ramparts          Ice            0%         1d1       97%         3
 Fugue of the Fallen      Necr           0%         N/A       97%         3
 Gell's Gravitas          Tloc           0%         N/A       97%         3
 Hailstorm                Conj/Ice       0%         3d5       97%         3
 Mephitic Cloud           Conj/Alch/Air  0%         N/A       97%         3
 Passwall                 Erth           0%         N/A       97%         3
 Summon Ice Beast         Ice/Summ       0%         N/A       97%         3
 Teleport Other           Tloc           0%         N/A       97%         3
 Vampiric Draining        Necr           0%         2d6       97%         3
 Volatile Blastmotes      Fire/Tloc      0%         2d10      97%         3
 Animate Armour           Summ/Erth      0%         N/A       100%        4
 Flame Wave               Conj/Fire      0%         2d4       100%        4
 Leda's Liquefaction      Alch/Erth      0%         N/A       100%        4
 Martyr's Knell           Necr/Summ      0%         N/A       100%        4
 Petrify                  Alch/Erth      0%         N/A       100%        4
 Summon Blazeheart Golem  Fire/Summ      0%         N/A       100%        4
 Curse of Agony           Necr           0%         N/A       100%        5
 Lee's Rapid Deconstruct  Erth           0%         3d4*      100%        5
 Bombard                  Conj/Erth      0%         9d1       100%        6
 Dispersal                Tloc           0%         N/A       100%        6
 Permafrost Eruption      Ice/Erth       0%         2x4d2     100%        6
 Sculpt Simulacrum        Ice/Alch       0%         N/A       100%        6
 Lehudib's Crystal Spear  Conj/Erth      0%         10d2      100%        8
 Dragon's Call            Summ           0%         N/A       100%        9


Dungeon Overview and Level Annotations

Branches:
Dungeon (15/15)            Temple (0/1) D:7            Lair (5/5) D:8
  Swamp (4/4) Lair:2       Spider (0/4) Lair:3        Slime (0/5) Lair:4
    Orc (2/2) D:11            Elf (0/3) Orc:2        Vaults (0/5) D:14
 Depths (0/4) D:15        Volcano (visited)         Gauntlet (visited)

Altars:
Ashenzari
Cheibriados
Dithmenos
Elyvilon
Qazlal
Ru
Sif Muna
Trog
Xom
The Shining One
Jiyva

Shops:
D:3 =   D:4 [*   D:8 [   D:9 (!:=(   Orc:2 [:*[

Portals:
Trove: D:10 (give 2 scrolls of acquirement)

Annotations:
D:14 3 runed translucent doors, Veevvyat's ghost, journeyman MfGl
Lair:3 2 transporters, 3 runed translucent doors, tlatlagkaus's ghost, journeyman FoFi


Innate Abilities, Weirdness & Mutations

You have a pair of horns on your head.
You reflexively headbutt those who attack you in melee.


Message History

The four-headed hydra bites you but does no damage.
You closely miss the swamp dragon.
The swamp dragon is moderately wounded.
You feel very sick.
The swamp dragon breathes poison at you.
The blast of poison engulfs you but does no damage.
You are more poisoned.
You crush the swamp dragon like a grape!!!
You burn the swamp dragon!
You kill the swamp dragon!
You are engulfed in poison gas.
You are more poisoned.
You feel extremely sick.
The four-headed hydra bites you but does no damage.
The four-headed hydra barely misses you.
The four-headed hydra bites you but does no damage. x2
You crush the four-headed hydra like a grape!!!
You burn the four-headed hydra!
The four-headed hydra is filled with an inner flame.
The four-headed hydra is almost dead.
You are engulfed in poison gas.
You are more poisoned.
You feel extremely sick. The four-headed hydra bites you!
The four-headed hydra barely misses you. x3
You are engulfed in poison gas.
You are lethally poisoned!
* * * LOW HITPOINT WARNING * * *
You feel extremely sick. The four-headed hydra bites you!
* * * LOW HITPOINT WARNING * * *
The four-headed hydra bites you but does no damage. x3
You fly upwards.
* * * LOW HITPOINT WARNING * * *
You feel extremely sick.
There is a stone staircase leading down here.
You bludgeon the four-headed hydra!! You burn the four-headed hydra.
The four-headed hydra explodes!
The mangrove smoulders and burns.
The fiery explosion engulfs you! You resist.
You die...

♣♣♣♣♣♣ ♣♣♣♣♣♣♣
♣§§@.♣♣♣♣♣♣♣
♣♣...~.♣♣♣♣§.§~♣♣.~~.♣
♣~.~.)..♣♣~.§§~...~~.♣
♣.~~~...~~~..~.~♣.~♣♣♣
♣.~~§~~.......♣♣♣♣♣♣
♣♣.~~~~~~~....♣♣♣♣♣♣ ~
♣~~~~~~~~........~♣♣♣♣...~
♣.~~~~~~§~..~~~~....~~..~~
♣~~~~~~~~~.~~~~~..~~♣♣~♣~♣


There were no monsters in sight!

Vanquished Creatures
  Gastronok (D:12)
  A thorn hunter (Swamp:2)
  2 orc warlords
  An ironbound preserver (D:14)
  2 very ugly things (D:15)
  4 eleionomae
  A minotaur (Gauntlet)
  A bunyip (Swamp:4)
  Snorg (D:12)
  Josephine (Orc:1)
  2 shambling mangroves
  A fire dragon (Lair:5)
  A great orb of eyes (D:15)
  Fannar (Orc:1)
  Harold (Lair:1)
  A hell beast (Gauntlet)
  10 alligators
  The ghost of Dega the Blocker, a journeyman VSFi of Qazlal (D:12)
  3 boulder beetles
  12 hydras
  2 two-headed ogres
  A catoblepas (Lair:3)
  5 centaur warriors
  A hell hog (Volcano)
  A thrashing horror (Abyss:1)
  11 spriggans
  A wretched star (Abyss:1)
  3 skeletal warriors
  2 spriggan druids (Swamp:1)
  7 goliath frogs
  A glowing orange brain (D:14)
  6 swamp dragons
  An orb spider (shapeshifter) (D:15)
  5 bog bodies
  5 orc knights
  3 lindwurms
  Pikel (D:7)
  2 deep elf pyromancers (D:15)
  2 orc sorcerers (Orc:1)
  5 will-o-the-wisps
  12 ugly things
  A large abomination (Abyss:1)
  Maurice (Orc:1)
  5 cyclopes
  A worldbinder (Gauntlet)
  Joseph (D:7)
  4 elephants (Lair:2)
  3 meliai (D:13)
  5 kobold blastminers (Orc:2)
  A dire elephant zombie (Abyss:1)
  7 black mambas
  A meliai (shapeshifter) (D:15)
  A molten gargoyle (Volcano)
  6 cane toads
  A cane toad (shapeshifter) (D:13)
  3 gargoyles
  7 torpor snails
  An unseen horror (D:12)
  Maggie (D:7)
  3 kobold demonologists
  4 rime drakes
  9 komodo dragons
  5 tengu conjurers
  11 tyrant leeches
  3 ancient zymes (Abyss:1)
  9 trolls
  Grinder (D:6)
  A bloated husk (Swamp:1)
  2 polar bears
  25 hornets
  3 raiju
  9 blink frogs
  4 dream sheep (Lair:4)
  Sigmund (D:5)
  3 culicivoras (Lair:3)
  12 slime creatures
  2 shadows
  A jumping spider (D:10)
  A vampire (D:8)
  An air elemental (Abyss:1)
  4 fire bats (Volcano)
  56 yaks
  9 wraiths
  Eustachio (D:3)
  2 steam dragons
  4 basilisks
  4 wyverns
  4 wargs
  13 vampire mosquitoes
  A neqoxec (Abyss:1)
  17 swamp worms
  3 acid dragons
  3 hell hounds
  11 water moccasins
  4 laughing skulls (D:14)
  3 ice beasts
  2 sky beasts
  7 swamp drakes
  35 orc warriors
  3 black bears
  22 wolves
  17 centaurs
  3 ogres
  8 boggarts
  A lemure (D:6)
  A weeping skull (Abyss:1)
  A phantom (D:6)
  16 bullfrogs
  7 kobold brigands
  4 scorpions
  4 wights (D:8)
  11 killer bees
  A vampire bat (Lair:1)
  7 electric eels
  8 howler monkeys
  2 bombardier beetles
  5 lava snakes (Volcano)
  4 jellies
  5 hounds
  13 orc priests
  A starcursed mass (Abyss:1)
  3 iguanas
  Crazy Yiuf (D:7)
  19 orc wizards
  A shadow imp (D:7)
  3 white imps
  5 ufetubi
  4 ribbon worms
  3 dart slugs
  81 orcs
  10 bats
  3 endoplasms
  5 giant cockroaches
  5 goblins
  7 hobgoblins
  4 jackals
  22 kobolds
  3 quokkas
  9 ball pythons
  A frilled lizard (D:2)
  6 rats
807 creatures vanquished.

Vanquished Creatures (others)
  An unseen horror (D:13)
  A swamp worm (Swamp:2)
  2 orc wizards
  22 foxfires
  A lurking horror (Abyss:1)
27 creatures vanquished.

Grand Total: 834 creatures vanquished

Notes
Turn   | Place    | Note
-------+----------+-------------------------------------------
     0 | D:1      | Radamante the Minotaur Fighter began the quest for the Orb.
     0 | D:1      | Reached XP level 1. HP: 19/19 MP: 0/0
   105 | D:1      | Reached XP level 2. HP: 27/27 MP: 1/1
   774 | D:1      | Reached XP level 3. HP: 33/33 MP: 2/2
  1324 | D:2      | Found a shimmering altar of Xom.
  2223 | D:3      | Found a sacrificial altar of Ru.
  2444 | D:3      | Found Sekad's Jewellery Shoppe.
  2570 | D:4      | Noticed Eustachio
  2676 | D:3      | Killed Eustachio
  2677 | D:3      | Reached skill level 2 in Maces & Flails
  2677 | D:3      | Reached skill level 1 in Dodging
  2677 | D:3      | Reached XP level 4. HP: 12/41 MP: 3/3
  2677 | D:3      | Reached XP level 5. HP: 14/47 MP: 4/4
  2823 | D:4      | Reached skill level 3 in Maces & Flails
  2823 | D:4      | Reached skill level 5 in Armour
  2825 | D:4      | Found Fugautt's Armour Shop.
  2989 | D:4      | Found Lupuclui's Mayhem Merchandise.
  3147 | D:4      | Noticed a two-headed ogre
  3156 | D:4      | Killed a two-headed ogre
  3157 | D:4      | Reached skill level 5 in Fighting
  3157 | D:4      | Reached skill level 5 in Maces & Flails
  3157 | D:4      | Reached skill level 1 in Stealth
  3157 | D:4      | Reached skill level 5 in Shields
  3157 | D:4      | Reached XP level 6. HP: 13/56 MP: 5/5
  3157 | D:4      | Reached XP level 7. HP: 15/61 MP: 6/6
  3554 | D:5      | Entered Level 5 of the Dungeon
  3896 | D:5      | Reached XP level 8. HP: 69/69 MP: 7/7
  3899 | D:5      | Reached skill level 6 in Maces & Flails
  4352 | D:5      | Noticed Sigmund
  4387 | D:5      | Killed Sigmund
  4388 | D:5      | Reached skill level 7 in Maces & Flails
  4438 | D:5      | Identified the +0 plate armour "Tamnee" {Int+3}
  4864 | D:6      | Reached skill level 8 in Maces & Flails
  5016 | D:6      | Reached XP level 9. HP: 78/78 MP: 8/8
  5278 | D:6      | Noticed Grinder
  5288 | D:6      | Killed Grinder
  5328 | D:6      | Reached skill level 9 in Maces & Flails
  5674 | D:7      | Noticed Maggie
  5683 | D:7      | Killed Maggie
  5954 | D:8      | Found a staircase to the Lair.
  6004 | D:8      | Reached skill level 10 in Maces & Flails
  6192 | D:8      | Found Newka's Armour Emporium.
  6281 | D:8      | Noticed a troll
  6287 | D:8      | Killed a troll
  6430 | D:8      | Reached XP level 10. HP: 81/88 MP: 9/9
  6479 | D:8      | Reached skill level 11 in Maces & Flails
  6965 | D:7      | Found a glowing golden altar of the Shining One.
  7126 | D:7      | Found a staircase to the Ecumenical Temple.
  7130 | D:7      | Noticed Pikel
  7143 | D:7      | Killed Pikel
  7144 | D:7      | Reached skill level 10 in Armour
  7145 | D:7      | Noticed Joseph
  7159 | D:7      | Killed Joseph
  7160 | D:7      | Reached skill level 1 in Evocations
  7165 | D:7      | Reached skill level 1 in Throwing
  7376 | D:7      | Found a runed translucent door.
  7377 | D:7      | Noticed Crazy Yiuf
  7539 | D:7      | Killed Crazy Yiuf
  7862 | D:8      | Reached skill level 12 in Maces & Flails
  7985 | D:8      | Got the Guidebook on Conjuring and Silt
  8079 | D:8      | Found a shadowy altar of Dithmenos.
  8168 | D:8      | Identified the staff "Nupsyfowk" {rC- rN+ Dex+3 Summ Necro}
  8168 | D:8      | Noticed a centaur warrior
  8213 | D:8      | Found a white marble altar of Elyvilon.
  8277 | D:8      | Killed a centaur warrior
  8278 | D:8      | Reached XP level 11. HP: 93/95 MP: 10/10
  8443 | D:8      | Identified the +10 storm dragon scales of the Lost Stories
                  | {rElec rF- rC++ Dex+3}
  8443 | D:8      | Identified the amulet "Dib Akk" {Will+ Regen+ Stlth+}
  8443 | D:8      | Noticed a centaur warrior
  8463 | D:8      | Killed a centaur warrior
  8758 | D:9      | Found Bommusisog's Distillery.
  8956 | D:9      | Found Jutis's Weapon Boutique.
  9094 | D:9      | Found Naamixz Bise's Jewellery Shoppe.
  9205 | D:9      | Found a snail-covered altar of Cheibriados.
  9244 | D:9      | Found Wuroah's Book Shoppe.
  9305 | D:9      | Found Will's Weapon Shoppe.
  9484 | D:10     | Entered Level 10 of the Dungeon
  9836 | D:10     | Found a broken altar of Ashenzari.
  9836 | D:10     | Found a bloodstained altar of Trog.
  9842 | D:10     | Found a faded altar of an unknown god.
  9844 | D:10     | Found a stormy altar of Qazlal.
  9846 | D:10     | Found a shimmering blue altar of Sif Muna.
  9877 | D:10     | Noticed Sonja
  9892 | Abyss:1  | Cast into level 1 of the Abyss (Sonja)
  9965 | Abyss:1  | Reached skill level 13 in Maces & Flails
 10083 | Abyss:1  | Noticed a wretched star
 10092 | Abyss:1  | Killed a wretched star
 10236 | Abyss:1  | Noticed a starcursed mass
 10238 | Abyss:1  | Noticed a thrashing horror
 10251 | Abyss:1  | Killed a thrashing horror
 10374 | Abyss:1  | Paralysed by an air elemental for 1 turns
 10377 | Abyss:1  | Paralysed by an air elemental for 1 turns
 10382 | Abyss:1  | Reached skill level 10 in Fighting
 10392 | D:10     | Escaped the Abyss
 10394 | D:10     | Sonja changed into Sonja the jumping spider
 10394 | D:10     | Noticed Sonja
 10396 | D:10     | Killed Sonja the jumping spider
 10797 | D:10     | Found a portal to a secret trove of treasure.
 11033 | D:11     | Noticed a boulder beetle
 11072 | D:11     | Killed a boulder beetle
 11073 | D:11     | Reached skill level 14 in Maces & Flails
 11073 | D:11     | Reached XP level 12. HP: 90/107 MP: 11/11
 11296 | D:11     | Found a staircase to the Orcish Mines.
 11826 | D:12     | Identified the amulet of Ceym Hes {Harm Will- Regen+ Int+4}
 11997 | D:12     | Noticed Gastronok
 12006 | D:12     | Killed Gastronok
 12048 | D:12     | Found a runed translucent door.
 12052 | D:12     | Noticed Dega's ghost (journeyman VSFi)
 12221 | D:12     | Noticed Snorg
 12262 | D:12     | Reached skill level 5 in Dodging
 12726 | D:12     | Killed Snorg
 13107 | D:13     | Noticed a centaur warrior
 13110 | D:13     | Reached skill level 10 in Shields
 13117 | D:13     | Killed a centaur warrior
 13118 | D:13     | Reached skill level 15 in Maces & Flails
 13129 | D:13     | Noticed a centaur warrior
 13147 | D:13     | Killed a centaur warrior
 13219 | D:13     | Reached XP level 13. HP: 75/118 MP: 12/12
 14215 | D:4      | Bought the +7 great mace "Firestarter" {flame, immolate,
                  | rFlCloud rF++} for 783 gold pieces
 14215 | D:4      | Found the +7 great mace "Firestarter" {flame, immolate,
                  | rFlCloud rF++}
 14340 | Lair:1   | Entered Level 1 of the Lair of Beasts
 14483 | Lair:1   | Noticed Harold
 14496 | Lair:1   | Killed Harold
 15075 | Lair:1   | Found a dark tunnel.
 15083 | Volcano  | Entered a volcano
 15421 | Volcano  | Found a radiant altar of Vehumet.
 15904 | Lair:2   | Reached skill level 16 in Maces & Flails
 16545 | Lair:2   | Reached skill level 17 in Maces & Flails
 16545 | Lair:2   | Reached XP level 14. HP: 113/129 MP: 13/13
 16549 | Lair:2   | Found a staircase to the Swamp.
 16708 | Lair:3   | Identified the ring "Ytaqit" {rPois rN+ SInv}
 16925 | Lair:3   | Found a transporter.
 16960 | Lair:3   | Found a runed translucent gate.
 16960 | Lair:3   | Found a runed translucent gate.
 16960 | Lair:3   | Found a runed translucent gate.
 16975 | Lair:3   | Noticed tlatlagkaus's ghost (journeyman FoFi)
 17167 | Lair:3   | Found a transporter.
 17302 | Lair:3   | Found a hole to the Spider Nest.
 17816 | Lair:4   | Reached skill level 1 in Ranged Weapons
 18409 | Lair:4   | Found a staircase to the Slime Pits.
 18410 | Lair:4   | Found a viscous altar of Jiyva.
 18792 | Lair:5   | Entered Level 5 of the Lair of Beasts
 18792 | Lair:5   | Found a gate leading to a gauntlet.
 18809 | Gauntlet | Entered a Gauntlet
 18809 | Gauntlet | Found a transporter.
 18818 | Gauntlet | Found a transporter.
 18833 | Gauntlet | Found a transporter.
 18838 | Gauntlet | Found a transporter.
 18857 | Gauntlet | Found a transporter.
 18872 | Gauntlet | Found a transporter.
 18884 | Gauntlet | Found a transporter.
 18896 | Gauntlet | Found a transporter.
 18905 | Gauntlet | Noticed a cacodemon
 18908 | Gauntlet | Found a transporter.
 18920 | Gauntlet | Found a transporter.
 18937 | Gauntlet | Found a transporter.
 18955 | Gauntlet | Found a transporter.
 18957 | Gauntlet | Found a transporter.
 18959 | Gauntlet | Found a runed translucent gate.
 18959 | Gauntlet | Found a runed translucent gate.
 18959 | Gauntlet | Found a runed translucent gate.
 18967 | Gauntlet | Found a large runed translucent door.
 18967 | Gauntlet | Found a large runed translucent door.
 18967 | Gauntlet | Found a large runed translucent door.
 18967 | Gauntlet | Found a large runed translucent door.
 18968 | Gauntlet | Found a large runed translucent door.
 18968 | Gauntlet | Found a large runed translucent door.
 18969 | Gauntlet | Found a large runed translucent door.
 18969 | Gauntlet | Found a large runed translucent door.
 18970 | Gauntlet | Found a large runed translucent door.
 18970 | Gauntlet | Found a large runed translucent door.
 18970 | Gauntlet | Found a runed translucent door.
 18970 | Gauntlet | Found a runed translucent door.
 18971 | Gauntlet | Found a large runed translucent door.
 18972 | Gauntlet | Found a large runed translucent door.
 18981 | Gauntlet | Found a large runed translucent door.
 18981 | Gauntlet | Found a large runed translucent door.
 18982 | Gauntlet | Found a large runed translucent door.
 18983 | Gauntlet | Found a large runed translucent door.
 18983 | Gauntlet | Found a transporter.
 18985 | Gauntlet | Found a transporter.
 19005 | Gauntlet | Found a transporter.
 19083 | Gauntlet | Found a transporter.
 19103 | Gauntlet | Found a transporter.
 19225 | Gauntlet | Identified the +2 pair of boots of Koad {rF+ Regen+}
 19396 | Gauntlet | Identified the ring of the Quahog {Fly Will+ Int+6}
 19452 | Gauntlet | Reached skill level 18 in Maces & Flails
 19464 | Gauntlet | Identified the staff of Gitaluot {rElec rN+ MP+9 Int-3
                  | Dex-2 Necro}
 19465 | Gauntlet | Got the Reference Book on Combined Misery
 19627 | Lair:5   | Reached skill level 15 in Armour
 20836 | Orc:1    | Entered Level 1 of the Orcish Mines
 20836 | Orc:1    | Noticed Maurice
 20841 | Orc:1    | Maurice stole a phial of floods
 20842 | Orc:1    | Killed Maurice
 20883 | Orc:1    | Noticed Fannar
 20889 | Orc:1    | Killed Fannar
 20948 | Orc:1    | Reached skill level 5 in Ranged Weapons
 21110 | Orc:1    | Noticed Josephine
 21119 | Orc:1    | Killed Josephine
 21141 | Orc:1    | Reached skill level 19 in Maces & Flails
 21164 | Orc:1    | Reached XP level 15. HP: 131/139 MP: 14/14
 21529 | Orc:2    | Entered Level 2 of the Orcish Mines
 21612 | Orc:2    | Found a staircase to the Elven Halls.
 21883 | Orc:2    | Found Lycki's Book Shop.
 21883 | Orc:2    | Found Fyuserae's Assorted Antiques.
 21885 | Orc:2    | Found Rudotybb's Antique Armour Emporium.
 21887 | Orc:2    | Found Pippuji's Armour Boutique.
 21957 | Orc:2    | Bought a scroll labelled XOACWI XOEJO for 35 gold pieces
 21957 | Orc:2    | Bought a scroll labelled XOACWI XOEJO for 35 gold pieces
 21972 | Orc:2    | Bought a +1 cloak of preservation for 280 gold pieces
 22422 | D:12     | Killed Dega's ghost
 22478 | D:14     | Reached skill level 5 in Throwing
 22555 | D:14     | Reached skill level 15 in Fighting
 22884 | D:14     | Found a gate to the Vaults.
 22957 | D:14     | Found a runed translucent gate.
 22957 | D:14     | Found a runed translucent gate.
 22957 | D:14     | Found a runed translucent gate.
 22960 | D:14     | Noticed Veevvyat's ghost (journeyman MfGl)
 23470 | D:15     | Entered Level 15 of the Dungeon
 23931 | D:15     | Reached skill level 20 in Maces & Flails
 23932 | D:15     | Found a staircase to the Depths.
 24454 | Swamp:1  | Entered Level 1 of the Swamp
 24880 | Swamp:2  | Reached XP level 16. HP: 138/151 MP: 15/15
 24993 | Swamp:4  | Entered Level 4 of the Swamp
 25266 | Swamp:2  | Noticed a thorn hunter
 25279 | Swamp:2  | Killed a thorn hunter
 26137 | Swamp:4  | Reached skill level 21 in Maces & Flails
 26221 | Swamp:3  | Killed by an exploding four-headed hydra... ignited by
                  | their inner flame

Illustrated notes

Levels and vault maps discovered:
D:1:      lemuel_arrival_broad_hall, layout_basic, serial_rivers,
          chequers_serial_rivers_micro_c, chequers_serial_rivers_large_b,
          chequers_serial_rivers_small_b, chequers_serial_rivers_small_3
D:2:      layout_basic, basic_altar, kennysheep_generic_room_13
D:3:      layout_basic, nicolae_ru_path_of_blood, serial_shops,
          nicolae_shop_behind_doors
D:4:      layout_rooms, serial_shops, nicolae_stop_n_shop_2, minmay_shop_mayhem,
          uniq_eustachio
D:5:      layout_rooms, uniq_sigmund
D:6:      layout_gridville, uniq_grinder
D:7:      black_bear_nest_1, layout_rooms, nicolae_overflow_crystal_walls,
          minmay_temple_entry_glass, uniq_pikel, uniq_maggie, uniq_joseph,
          uniq_crazy_yiuf_cottage
D:8:      minmay_the_grid_triangle_9x9_recursive_2
          [minmay_the_grid_triangle_9x9_prize_center,
          minmay_the_grid_triangle_9x9_negative_grid,
          minmay_the_grid_triangle_9x9_flanged_cone,
          minmay_the_grid_triangle_9x9_cache], layout_basic,
          nicolae_overflow_squiral, dpeg_oklobed_lair, serial_shops, shop
D:9:      layout_roguey, slow_altar_1, serial_shops,
          nicolae_shop_rolling_square, nicolae_stop_n_shop_2, shop, shop,
          nicolae_shop_pleasant_corner_grove
D:10:     layout_cave_pools, chequers_temple_overflow_minitemple,
          nicolae_trove_entry_isolated, uniq_sonja
D:11:     layout_loops_ring
D:12:     layout_basic, ebering_ghost_inner_flame, uniq_snorg, uniq_gastronok
D:13:     layout_cross, minmay_fractal_squares_5
D:14:     layout_grid_maze, hellmonk_vaults_order_and_chaos,
          gammafunk_ghost_hydra_chop, hangedman_abyss_or_decor_lesser_grid
D:15:     gammafunk_enter_depths_forms, layout_gridville, nicolae_wwwww
Lair:1:   layout_regular_city, nicolae_volcano_entry_vermiform,
          chequers_serial_rivers_marsh, wad_woods_road_03, roderic_batcave,
          lemuel_fruit_tree, uniq_harold
Lair:2:   layout_small_grid, nicolae_swamp_entry_splash_gauntlet,
          serial_bayou_shore_a
Lair:3:   gammafunk_cloud_chamber, layout_cave_pods,
          hellmonk_spider_entry_life_and_decay, gammafunk_ghost_split
Lair:4:   layout_regular_city, slime_entry_1, grunt_megastairs_5,
          infiniplex_staircase_pool_2
Lair:5:   wormcave, layout_concentric_octagons, gauntlet_entry_generic,
          nicolae_lair_grove_arrangements
Swamp:1:  layout_basic_swamp, evilmike_swamp_ruin_rubble_1
Swamp:2:  layout_basic_swamp, evilmike_swamp_ruin_rubble_2, swamp_pool_1_2,
          nicolae_swamp_no_escape
Swamp:3:  cheibrodos_swamp_monstrosity, layout_basic_swamp,
          hangedman_swamp_lotus, nicolae_swamp_decorative_isthmus
Swamp:4:  grunt_swamp_rune_castle, layout_basic_swamp, swamp_pool_5
Orc:1:    layout_caves, nicolae_orc_stony_grotto,
          regret_index_minedec_devilstone, nicolae_orc_pool_cavern, uniq_fannar,
          uniq_maurice, uniq_josephine
Orc:2:    st_orc_rangers, layout_caves

Skill      XL: |  1  2  3  4  5  6  7  8  9 10 11 12 13 14 15 16 |
---------------+-------------------------------------------------+-----
Fighting       | 4 5 6 7 8 10 12 13 14 15 17 | 17.0
Shields        | 4 5 6 7 8 9 10 | 10.7
Armour         | 4 6 8 9 11 12 13 14 15 16 | 16.6
Maces & Flails | 2 5 8 10 12 14 15 17 19 20 21 | 21.1
Dodging        | 1 2 3 4 5 6 7 |  7.1
Stealth        | 1 2 3 |  3.1
Evocations     | 1 |  1.8
Throwing       | 1 2 4 5 |  5.3
Ranged Weapons | 5 8 9 |  9.2
Axes           | |  2.6

Action                     |  1- 3 |  4- 6 |  7- 9 | 10-12 | 13-15 | 16-18 || total
---------------------------+-------+-------+-------+-------+-------+-------++-------
  Melee: War axe           |    22 |       |       |       |       |       ||    22
         Headbutt          |    18 |     6 |    44 |   105 |   120 |    28 ||   321
         Morningstar       |    88 |    14 |   248 |       |       |       ||   350
         Flail             |       |       |    65 |   489 |    27 |       ||   581
         Great mace        |       |       |       |       |   618 |   129 ||   747
   Fire: Orcbow            |       |       |       |       |     4 |       ||     4
  Throw: Dart              |       |       |     4 |    16 |    52 |       ||    72
         Boomerang         |       |       |       |       |     1 |       ||     1
  Evoke: Wand              |       |       |       |     4 |       |       ||     4
         Lightning rod     |       |       |       |       |     4 |       ||     4
    Use: Potion            |     1 |     1 |     2 |       |       |       ||     4
         Scroll            |       |       |     2 |    12 |    15 |     1 ||    30
   Stab: Distracted        |       |       |       |       |       |     1 ||     1
 Armour: Scale mail        |    96 |     7 |     4 |       |       |       ||   107
         Plate armour      |       |       |   307 |   212 |       |       ||   519
         Storm dragon scal |       |       |       |   428 |   823 |   200 ||  1451
  Dodge: Dodged            |    52 |     9 |    96 |   270 |   343 |    65 ||   835
  Block: Buckler           |    34 |     2 |    62 |   182 |    12 |       ||   292

Table legend: (Time is in decaauts)
 A = Elapsed time spent in this place.
 B = Non-inter-level travel time spent in this place.
 C = Inter-level travel time spent in this place.
 D = Time resting spent in this place.
 E = Time spent auto-exploring this place.
 F = Levels seen in this place.
 G = Mean time per level.
                   A        B        C        D        E       F      G
               +--------+--------+--------+--------+--------+-----+--------+
         Total |  26325 |  24497 |   1828 |   1318 |  18099 |  29 |  907.8 |
       Dungeon |  16171 |  14927 |   1244 |    832 |  11268 |  15 | 1078.1 |
          Lair |   5016 |   4702 |    314 |     44 |   3886 |   5 | 1003.2 |
         Swamp |   1715 |   1596 |    119 |    112 |   1049 |   4 |  428.8 |
  Orcish Mines |   1489 |   1340 |    149 |      2 |    981 |   2 |  744.5 |
         Abyss |    505 |    505 |      0 |    327 |     64 |   1 |  505.0 |
       Volcano |    653 |    653 |      0 |      0 |    434 |   1 |  653.0 |
      Gauntlet |    772 |    772 |      0 |      0 |    417 |   1 |  772.0 |
               +--------+--------+--------+--------+--------+-----+--------+

Top non-repeatable levels by time:
     D:8: 1908 daAuts
    D:14: 1571 daAuts
     D:3: 1392 daAuts
    D:12: 1369 daAuts
     D:6: 1249 daAuts
     D:4: 1124 daAuts
  Lair:3: 1100 daAuts
  Lair:5: 1098 daAuts
    D:10: 1017 daAuts
  Lair:4: 1014 daAuts
     D:9: 996 daAuts
     D:1: 989 daAuts
    D:11: 954 daAuts
  Lair:2: 939 daAuts
     D:5: 879 daAuts
